 Dungeon Crawl Stone Soup version 0.30.0-29-ga12c61a403 (webtiles) character file.

Game seed: 10113558016258702338

818 Peloso the Slasher (level 7, -23/60 HPs)
             Began as a Minotaur Fighter on June 22, 2023.
             Annihilated by an ogre
             ... wielding a +0 giant club
              (26 damage)
             ... on level 6 of the Dungeon.
             The game lasted 00:07:37 (4329 turns).

Peloso the Slasher (Minotaur Fighter)               Turns: 4329, Time: 00:07:37

Health: -23/60     AC: 11    Str: 20    XL:     7   Next: 62%
Magic:  6/6        EV:  8    Int:  5    God:
Gold:   270        SH:  7    Dex: 12    Spells: 6/6 levels left

rFire   . . .        a - +0 long sword
rCold   . . .        d - +2 buckler
rNeg    . . .        p - +0 chain mail
rPois   .            (helmet restricted)
rElec   .            s - +0 cloak
rCorr   .            (no gloves)
SInv    .            (no boots)
Will    .....        (no amulet) Stlth
                     (no ring)
HPRegen 0.30/turn    (no ring)
MPRegen 0.10/turn

%: no passive effects
@: no status effects
A: horns 2, retaliatory headbutt
a: no special abilities


You were on level 6 of the Dungeon.
You visited 1 branch of the dungeon, and saw 6 of its levels.

You collected 270 gold pieces.

Inventory:

Hand Weapons
 a - a +0 long sword (weapon)
 b - the +1 spear of the End {flame, Will+ Int+4}
   (You found it on level 3 of the Dungeon)

   Int:       It affects your intelligence (+4).
   Will:      It increases your willpower.
Armour
 d - a +2 buckler (worn)
 p - a +0 chain mail (worn)
 s - a +0 cloak (worn)
Jewellery
 c - a ring of fire
Scrolls
 f - a scroll of teleportation {unknown}
 h - a scroll of magic mapping {unknown}
 j - a scroll of fog {unknown}
 k - a scroll of noise {unknown}
 m - 2 scrolls of poison {unknown}
 o - 2 scrolls of identify {unknown}
 q - a scroll of silence {unknown}
 t - a scroll of vulnerability {unknown}
 w - a scroll of blinking {unknown}
 x - a scroll of amnesia {unknown}
Potions
 e - 4 potions of might
 g - a potion of attraction {unknown}
 i - 2 potions of degeneration {unknown}
 l - a potion of brilliance
 n - 2 potions of curing {unknown}
 r - 2 potions of heal wounds {unknown}
 u - 3 potions of flight
 v - a potion of lignification {unknown}


   Skills:
 + Level 4.9 Fighting
 + Level 7.5 Long Blades
 + Level 6.3 Armour
 + Level 1.4 Dodging
 + Level 0.1 Stealth
 + Level 4.9 Shields


You had 6 spell levels left.
You didn't know any spells.
Your spell library contained the following spells:

 Spells                   Type           Power      Damage    Failure   Level
 Inner Flame              Hex/Fire       0%         N/A       100%        3
 Flame Wave               Conj/Fire      0%         2d4       100%        4
 Sticky Flame             Conj/Fire      0%         2d3       100%        4


Dungeon Overview and Level Annotations

Branches:
Dungeon (6/15)
 Temple: D:4-7

Altars:
Cheibriados
Uskayaw


Innate Abilities, Weirdness & Mutations

You have a pair of horns on your head.
You reflexively headbutt those who attack you in melee.


Message History

You hear the slow rusting of a distant drain.
You feel less confused.
You slash the orc wizard!
You kill the orc wizard!
The orc hits you with a +0 hand axe.
Things that are here:
a +0 dagger; a +0 robe; an orc corpse You barely miss the orc.
The orc hits you but does no damage.
You hit the orc. You headbutt the orc.
You kill the orc!
You hit the orc. You headbutt the orc.
The orc is severely wounded.
The orc barely misses you.
You closely miss the orc.
The orc is severely wounded.
You block the orc's attack.
You closely miss the orc.
The orc is severely wounded.
The orc barely misses you.
You completely miss the orc. Your headbutt misses the orc.
The orc is severely wounded.
The orc barely misses you. You furiously retaliate!
You headbutt the orc.
You kill the orc!
You hit the ogre.
The ogre is moderately wounded.
The ogre barely misses you.
You hit the ogre but do no damage. You headbutt the ogre.
The ogre is moderately wounded.
The ogre hits you with a +0 giant club!
* * * LOW HITPOINT WARNING * * *
You closely miss the ogre. Your headbutt misses the ogre.
The ogre is moderately wounded.
You barely miss the ogre. Your headbutt misses the ogre.
The ogre is moderately wounded.
The ogre hits you with a +0 giant club!
* * * LOW HITPOINT WARNING * * *
You barely miss the ogre. You headbutt the ogre!
The ogre is severely wounded.
The ogre hits you with a +0 giant club!!
You die...

#......# /......
.....# ...(. ...#
.o# #O# #@####
.###....##
#.........########
#.###.#...........
#####..#####. #
....######...####.#
#
...+......#......#
#
...#.........##..#
# ..............>.#


You could see an ogre and an orc.

Vanquished Creatures
  A black bear (D:5)
  An ogre (D:3)
  A centaur (D:5)
  2 scorpions
  A hound (D:5)
  2 jellies
  2 orc priests (D:3)
  A sleepcap (D:5)
  Jessica (D:2)
  An iguana (D:5)
  An orc wizard (D:6)
  9 adders
  3 gnolls (D:2)
  A worm (D:4)
  A dart slug (D:3)
  11 orcs
  9 ball pythons
  7 endoplasms
  5 giant cockroaches
  2 goblins
  6 hobgoblins
  4 jackals (D:5)
  3 kobolds
  5 quokkas
  5 bats
  4 frilled lizards
  5 rats
94 creatures vanquished.

Vanquished Creatures (others)
  An orc wizard (D:3)
1 creature vanquished.

Grand Total: 95 creatures vanquished

Notes
Turn   | Place    | Note
-------+----------+-------------------------------------------
     0 | D:1      | Peloso the Minotaur Fighter began the quest for the Orb.
     0 | D:1      | Reached XP level 1. HP: 19/19 MP: 0/0
   231 | D:1      | Reached XP level 2. HP: 24/27 MP: 1/1
   791 | D:2      | Reached skill level 3 in Long Blades
   850 | D:2      | Reached XP level 3. HP: 24/33 MP: 2/2
   975 | D:2      | Noticed Jessica
   981 | D:2      | Killed Jessica
   982 | D:2      | Reached XP level 4. HP: 40/40 MP: 3/3
  1011 | D:2      | Reached skill level 4 in Long Blades
  1791 | D:3      | Noticed an ogre
  1803 | D:3      | Killed an ogre
  1804 | D:3      | Reached skill level 5 in Armour
  1804 | D:3      | Reached XP level 5. HP: 5/47 MP: 4/4
  1981 | D:3      | Reached skill level 5 in Long Blades
  1995 | D:3      | Reached XP level 6. HP: 31/53 MP: 5/5
  2001 | D:3      | Identified the +1 spear of the End {flame, Will+ Int+4}
  2195 | D:3      | Found a faded altar of an unknown god.
  2258 | D:3      | Found a snail-covered altar of Cheibriados.
  3028 | D:4      | Found a hide-covered altar of Uskayaw.
  3426 | D:5      | Entered Level 5 of the Dungeon
  3440 | D:5      | Reached skill level 6 in Long Blades
  3571 | D:5      | Reached skill level 1 in Dodging
  3571 | D:5      | Reached XP level 7. HP: 51/60 MP: 6/6
  4004 | D:5      | Reached skill level 7 in Long Blades
  4328 | D:6      | HP: 3/60 [ogre/+0 giant club (8)]
  4329 | D:6      | Annihilated by an ogre

Illustrated notes

Levels and vault maps discovered:
D:1:      mrwooster_arrival_statue, layout_basic
D:2:      layout_loops_ring, minmay_tree_intersection, minmay_pentomino_p4,
          uniq_jessica
D:3:      layout_loops_cross, lemuel_crystal_altar,
          shapermc_ecumenical_altar_flowoftime
D:4:      layout_basic, nicolae_uskayaw_suspiria, grunt_decor_cap
D:5:      layout_layer_cave
D:6:      layout_basic, mainiacjoe_overflow_small_starburst,
          minmay_temple_entry_gardened_gates, gup_sewer_entry_pipe

Skill      XL: |  1  2  3  4  5  6  7 |
---------------+----------------------+-----
Armour         | 4 5 6 |  6.3
Long Blades    | 3 4 5 6 7 |  7.5
Fighting       | 4 |  4.9
Shields        | 4 |  4.9
Dodging        | 1 |  1.4
Stealth        | |  0.1

Action                     |  1- 3 |  4- 6 |  7- 9 || total
---------------------------+-------+-------+-------++-------
  Melee: Long sword        |    38 |   168 |    72 ||   278
         Headbutt          |     2 |    38 |    15 ||    55
    Use: Potion            |     3 |     1 |       ||     4
 Armour: Scale mail        |    11 |     6 |       ||    17
         Chain mail        |       |    60 |    26 ||    86
  Dodge: Dodged            |    20 |    59 |    19 ||    98
  Block: Buckler           |    13 |    48 |    17 ||    78
